 Dungeon Crawl Stone Soup version 0.31.0-11-ge490571c62 (webtiles) character file.

Game seed: 18415075302352863949

1 Ashen the Sneak (level 1, -3/13 HPs)
             Began as a Gnoll Enchanter on Feb 3, 2024.
             Slain by a gnoll
             ... wielding a +0 spear
              (5 damage)
             ... on level 1 of the Dungeon.
             The game lasted 00:00:11 (26 turns).

Ashen the Sneak (Gnoll Enchanter)                     Turns: 26, Time: 00:00:12

Health: -3/13      AC:  2    Str:  7    XL:     1   Next: 20%
Magic:  6/6        EV: 13    Int: 14    God:
Gold:   2          SH:  0    Dex: 12    Spells: 9/9 levels left

rFire   . . .        a - +1 dagger
rCold   . . .        (no shield)
rNeg    . . .        b - +0 robe
rPois   .            (no helmet)
rElec   .            (no cloak)
rCorr   .            (no gloves)
SInv    .            (no boots)
Will    .....        (no amulet)
Stlth   +++          (no ring)
HPRegen 0.22/turn    (no ring)
MPRegen 0.10/turn

%: no passive effects
@: no status effects
A: fangs 1, strong nose, distributed training
a: no special abilities


You were on level 1 of the Dungeon.
You visited 1 branch of the dungeon, and saw 1 of its levels.

You collected 2 gold pieces.

Inventory:

Hand Weapons
 a - a +1 dagger (weapon)
Armour
 b - a +0 robe (worn)
Scrolls
 d - a scroll of identify {unknown}
Potions
 c - 2 potions of invisibility


   Skills:
 + Level 0.0 Fighting
 + Level 2.3 Short Blades
 + Level 0.0 Long Blades
 + Level 0.0 Axes
 + Level 0.0 Maces & Flails
 + Level 0.0 Polearms
 + Level 0.0 Staves
 + Level 0.0 Ranged Weapons
 + Level 0.0 Throwing
 + Level 0.0 Armour
 + Level 4.4 Dodging
 + Level 5.8 Stealth
 + Level 0.0 Shields
 + Level 0.0 Unarmed Combat
 + Level 4.8 Spellcasting
 + Level 0.0 Conjurations
 + Level 5.3 Hexes
 + Level 0.0 Summonings
 + Level 0.0 Necromancy
 + Level 0.0 Translocations
 + Level 0.0 Fire Magic
 + Level 0.0 Ice Magic
 + Level 0.0 Air Magic
 + Level 0.0 Earth Magic
 + Level 0.0 Alchemy
 + Level 0.0 Invocations
 + Level 0.0 Evocations
 + Level 0.0 Shapeshifting


You had 9 spell levels left.
You didn't know any spells.
Your spell library contained the following spells:

 Spells                   Type           Power      Damage    Failure   Level
 Confusing Touch          Hex            18%        N/A       6%          3
 Tukima's Dance           Hex            18%        N/A       6%          3
 Ensorcelled Hibernation  Hex/Ice        20%        N/A       9%          2
 Dazzling Flash           Conj/Hex       20%        N/A       19%         3


Dungeon Overview and Level Annotations

Branches:
Dungeon (1/15)

Altars:


Innate Abilities, Weirdness & Mutations

You have very sharp teeth.
Your uncanny sense of smell can sniff out nearby items.
Your experience applies equally to all skills.


Message History

Found a scroll labelled WECVISU TING and a leather armour.
A kobold is nearby!
A kobold is nearby!
A ball python comes into view.
Found 3 stones.
A frilled lizard and a gnoll come into view.
You don't know any spells.
The helpless frilled lizard fails to defend itself.
You impale the frilled lizard!!
You kill the frilled lizard!
The kobold shouts!
The gnoll shouts!
You hear a shout! x2
The ball python bites you. The ball python completely misses you.
The kobold throws a stone.
The stone barely misses you. The ball python closely misses you.
The ball python grabs you. The ball python constricts you.
You don't know any spells.
Sorry, you're not good enough to have a special ability.
Unknown command.
You hit the ball python but do no damage.
A kobold comes into view. It is wielding a +0 dagger.
The ball python bites you. The ball python constricts you.
You hit the ball python.
You kill the ball python!
A goblin comes into view. It is wielding a +0 club.
The kobold throws a stone.
The stone closely misses you. The gnoll attacks as it pursues you!
The gnoll hits you from afar with a +0 spear.
* * * LOW HITPOINT WARNING * * *
The kobold throws a stone.
The stone closely misses you.
You start resting.
A gnoll is nearby!
You are too injured to fight recklessly!
You are too injured to fight recklessly!
You are too injured to fight recklessly!
You hit the gnoll but do no damage. The gnoll hits you with a +0 spear.
* * * LOW HITPOINT WARNING * * *
You hit the gnoll.
The gnoll is moderately wounded.
The gnoll hits you with a +0 spear.
You die...

..... ... .# .....
#....#.#...#. ....
....##.##.#..#...#.#....
.........#...#...#.... .
#..#..[.#....#.#.#.. ..
#.......#.....#...## ..
#.#...?.#....#.....#.. .
#.g†KKg.#...#...#...#...
.......†##.#@.#...#.#...#
...#.#..##Kg.#...#.<.# .
# ##.##.#....#.......#
.....#...#.#.....#...
##.#.#......#...#....
#.#.#.....#.#.## ...
#...#....#...#.. ..
#.#...#...#... .
..#..#[..#.....


You could see a gnoll and a kobold.

Vanquished Creatures
  A ball python (D:1)
  A frilled lizard (D:1)
2 creatures vanquished.

Notes
Turn   | Place    | Note
-------+----------+-------------------------------------------
     0 | D:1      | Ashen the Gnoll Enchanter began the quest for the Orb.
     0 | D:1      | Reached XP level 1. HP: 13/13 MP: 6/6
    26 | D:1      | Slain by a gnoll

Illustrated notes

Levels and vault maps discovered:
D:1:      matt_arrival_diagonals, layout_rooms, serial_shops, shop_statue

Action                     || total
---------------------------++-------
  Melee: Dagger            ||     5
   Stab: Sleeping          ||     1
 Armour: Robe              ||     5
  Dodge: Dodged            ||     5
